 Dungeon Crawl Stone Soup version 0.29-a0-283-ga02f740833 (webtiles) character file.

Game seed: 17763079253057955226

502 Anunax the Sneak (level 6, -14/48 HPs)
             Began as a Minotaur Enchanter on Mar 13, 2022.
             Demolished by an ogre
             ... wielding a +0 giant club
              (16 damage)
             ... on level 5 of the Dungeon.
             The game lasted 00:13:28 (5599 turns).

Anunax the Sneak (Minotaur Enchanter)               Turns: 5599, Time: 00:13:28

Health: -14/48     AC: 11    Str: 13    XL:     6   Next: 95%
Magic:  0/8        EV: 17    Int: 12    God:
Gold:   100        SH:  0    Dex: 12    Spells: 7/9 levels left

rFire   . . .      SeeInvis .   a - +1 dagger (protect)
rCold   . . .      Faith    .   (no shield)
rNeg    . . .      Spirit   +   b - +1 robe
rPois   .          Reflect  .   (helmet restricted)
rElec   .          Harm     .   (no cloak)
rCorr   .          Rampage  .   (no gloves)
Will    .....                   i - +0 pair of boots
Stlth   ++........              p - amulet of guardian spirit
HPRegen 0.16/turn               g - +4 ring of evasion
MPRegen 0.11/turn               (no ring)

@: under a protective aura
A: horns 2, retaliatory headbutt
a: no special abilities


You were on level 5 of the Dungeon.
You visited 1 branch of the dungeon, and saw 5 of its levels.

You collected 152 gold pieces.
You spent 52 gold pieces at shops.

Inventory:

Hand Weapons
 a - a +1 dagger of protection (weapon)
Missiles
 o - a throwing net (quivered)
Armour
 b - a +1 robe (worn)
 i - a +0 pair of boots (worn)
Jewellery
 g - a +4 ring of evasion (left hand)
 p - an amulet of guardian spirit (around neck)
Wands
 h - a wand of paralysis (11)
 t - a wand of acid (9)
Scrolls
 d - a scroll of holy word
 f - 3 scrolls of identify
 k - 2 scrolls of vulnerability
 n - a scroll of noise
 q - a scroll of blinking {unknown}
 r - 2 scrolls of teleportation
 v - a scroll of enchant weapon {unknown}
Potions
 c - 2 potions of invisibility
 e - 3 potions of might
 j - a potion of ambrosia {unknown}
 l - a potion of magic {unknown}
 m - a potion of attraction {unknown}
 s - a potion of curing
 u - a potion of resistance {unknown}


   Skills:
 + Level 1.8 Fighting
 + Level 3.1 Short Blades
 + Level 0.1 Throwing
 + Level 3.5 Dodging
 + Level 4.1 Stealth
 + Level 2.2 Spellcasting
 + Level 2.8 Hexes
 + Level 1.4 Ice Magic


You had 7 spell levels left.
You knew the following spells:

 Your Spells              Type           Power      Damage    Failure   Level
a - Ensorcelled Hibernat  Hex/Ice        12%        N/A       17%         2

Your spell library contained the following spells:

 Spells                   Type           Power      Damage    Failure   Level
 Confusing Touch          Hex            8%         N/A       24%         3
 Tukima's Dance           Hex            8%         N/A       24%         3
 Sublimation of Blood     Necr           1%         N/A       38%         2
 Wereblood                Tmut           1%         N/A       38%         2
 Dazzling Flash           Conj/Hex       8%         N/A       41%         3
 Anguish                  Hex/Necr       2%         N/A       83%         4
 Enfeeble                 Hex            4%         N/A       100%        7
 Summon Hydra             Summ           0%         N/A       100%        7


Dungeon Overview and Level Annotations

Branches:
Dungeon (5/15)             Temple (0/1) D:4

Altars:
Ashenzari

Shops:
D:3 [=?=   D:4 =


Innate Abilities, Weirdness & Mutations

You have a pair of horns on your head.
You reflexively headbutt those who attack you in melee.


Message History

Aim: an ogre, wielding a +0 giant club (chance to affect: 39%)
The ogre resists with some effort.
Casting: Ensorcelled Hibernation (safe; 17% risk of failure)
Confirm with . or Enter, or press ? or * to list all spells.
You don't have enough magic to cast this spell.
Unknown command.
Casting: Ensorcelled Hibernation (safe; 17% risk of failure)
Confirm with . or Enter, or press ? or * to list all spells.
You don't have enough magic to cast this spell.
Unknown command.
You hit the ogre.
Your weapon exudes an aura of protection.
You headbutt the ogre.
The ogre is moderately wounded.
The ogre barely misses you.
You hit the ogre.
The ogre is moderately wounded.
The ogre misses you. You furiously retaliate!
You headbutt the ogre. You hit the ogre but do no damage.
Your headbutt misses the ogre.
The ogre is moderately wounded.
You hit the ogre but do no damage.
The ogre is moderately wounded.
The ogre closely misses you.
You hit the ogre.
The ogre is heavily wounded.
You hit the ogre.
The ogre is heavily wounded.
The ogre misses you. You furiously retaliate!
You headbutt the ogre! You hit the ogre but do no damage.
The ogre is severely wounded.
You hit the ogre.
The ogre is severely wounded.
The ogre hits you with a +0 giant club!!
* * * LOW HITPOINT WARNING * * *
You hit the ogre.
The ogre is severely wounded.
You hit the ogre.
The ogre is almost dead.
The ogre hits you with a +0 giant club!
You die...

#.....# #.#### #.....#
#....# ####.....# #....#
.........# #....# #.....#
#....####
#.....####.....#.. #####
#...>...)......... ......
#.##..............
......###@########.#......
........#O########........
.........5.......<..<.....
...5....#.########.....†.)
..........# #........
......##### ######...
...... ....... ......
####### .(...


You could see an ogre and a white imp.

Vanquished Creatures
  A black bear (D:4)
  2 scorpions
  A hound (D:5)
  Ijyb (D:4)
  An iguana (D:5)
  An orc wizard (D:3)
  7 adders
  An ufetubus (D:4)
  4 worms
  4 dart slugs
  15 orcs
  8 ball pythons
  7 bats
  4 endoplasms
  4 giant cockroaches
  4 goblins
  8 hobgoblins
  6 jackals
  4 quokkas
  A frilled lizard (D:1)
  5 kobolds
  6 rats
95 creatures vanquished.

Notes
Turn   | Place    | Note
-------+----------+-------------------------------------------
     0 | D:1      | Anunax the Minotaur Enchanter began the quest for the Orb.
     0 | D:1      | Reached XP level 1. HP: 14/14 MP: 1/1
   327 | D:1      | Reached XP level 2. HP: 15/20 MP: 3/3
   402 | D:1      | Learned a level 2 spell: Ensorcelled Hibernation
  1268 | D:1      | Reached XP level 3. HP: 23/27 MP: 4/4
  1369 | D:1      | Found a faded altar of an unknown god.
  1795 | D:1      | Reached skill level 1 in Fighting
  2095 | D:2      | Reached skill level 3 in Stealth
  2659 | D:2      | Reached XP level 4. HP: 35/35 MP: 5/5
  3280 | D:3      | Found Dolezes's Jewellery Emporium.
  3581 | D:3      | Found Tedomiat's Magic Scroll Boutique.
  3597 | D:3      | Bought 2 scrolls of identify for 52 gold pieces
  3761 | D:3      | Found Riqieh's Antique Armour Shop.
  3836 | D:3      | Found Imejus's Jewellery Shop.
  3925 | D:3      | Reached XP level 5. HP: 40/40 MP: 1/6
  4422 | D:4      | Found a broken altar of Ashenzari.
  4478 | D:4      | Noticed a black bear
  4492 | D:4      | Killed a black bear
  4493 | D:4      | Reached XP level 6. HP: 47/47 MP: 0/8
  4833 | D:4      | Reached skill level 1 in Ice Magic
  4907 | D:4      | Found Peocie Emul's Jewellery Shoppe.
  4916 | D:4      | Found a staircase to the Ecumenical Temple.
  5182 | D:4      | Noticed Ijyb
  5188 | D:4      | Killed Ijyb
  5189 | D:4      | Reached skill level 4 in Stealth
  5335 | D:5      | Entered Level 5 of the Dungeon
  5597 | D:5      | HP: 2/48 [ogre/+0 giant club (21)]
  5599 | D:5      | Demolished by an ogre

Illustrated notes

Levels and vault maps discovered:
D:1:      psy_arrival_terrarium, layout_loops_ring,
          nicolae_ecumenical_lake_church, minivault_19
D:2:      layout_rooms, kennysheep_big_empty_room, minivault_4
D:3:      layout_rooms, serial_shops, shop, shop, shop, shop
D:4:      layout_loops_ring, lemuel_doored_altar,
          minmay_temple_entry_drinking_statues, serial_shops, shop,
          minmay_misc_feat_diagonals, kennysheep_generic_room_8, uniq_ijyb
D:5:      layout_basic, kennysheep_vampire_church

Skill      XL: |  1  2  3  4  5  6 |
---------------+-------------------+-----
Fighting       | 1 |  1.8
Stealth        | 3 4 |  4.1
Short Blades   | 2 3 |  3.1
Dodging        | 3 |  3.5
Spellcasting   | 2 |  2.2
Ice Magic      | 1 |  1.4
Throwing       | |  0.1
Hexes          | |  2.8

Action                   |  1- 3 |  4- 6 || total
-------------------------+-------+-------++-------
Melee: Dagger            |   122 |   123 ||   245
       Headbutt          |    12 |    16 ||    28
       Punch             |     4 |     1 ||     5
Throw: Throwing net      |       |     2 ||     2
 Cast: Ensorcelled Hiber |     4 |    38 ||    42
  Use: Potion            |     3 |       ||     3
       Scroll            |       |     7 ||     7
 Stab: Sleeping          |     7 |    30 ||    37
Armor: Robe              |    20 |    25 ||    45
Dodge: Dodged            |    95 |   108 ||   203

Table legend: (Time is in decaauts)
 A = Elapsed time spent in this place.
 B = Non-inter-level travel time spent in this place.
 C = Inter-level travel time spent in this place.
 D = Time resting spent in this place.
 E = Time spent auto-exploring this place.
 F = Levels seen in this place.
 G = Mean time per level.
                   A        B        C        D        E       F      G
               +--------+--------+--------+--------+--------+-----+--------+
         Total |   5577 |   5511 |     66 |   2933 |   1740 |   5 | 1115.4 |
       Dungeon |   5577 |   5511 |     66 |   2933 |   1740 |   5 | 1115.4 |
               +--------+--------+--------+--------+--------+-----+--------+

Top non-repeatable levels by time:
     D:1: 2077 daAuts
     D:4: 1211 daAuts
     D:2: 1194 daAuts
     D:3: 831 daAuts
     D:5: 261 daAuts
